 Dungeon Crawl Stone Soup version 0.18.1-51-gd549091e01 (webtiles) character file.

122 magog001 the Ducker (level 4, -6/40 HPs)
             Began as a Draconian Fighter on Mar 23, 2021.
             Mangled by a gnoll
             ... wielding a +0 spear
              (8 damage)
             ... on level 3 of the Dungeon.
             The game lasted 00:09:21 (2411 turns).

magog001 the Ducker (Draconian Fighter)             Turns: 2411, Time: 00:09:22

Health: -6/40      AC:  5    Str: 24    XL:     4   Next: 78%
Magic:  4/4        EV: 11    Int:  8    God:
Gold:   34         SH: 10    Dex: 11    Spells: 0 memorised, 3 levels left

rFire  . . .     SeeInvis .     a - +0 war axe
rCold  . . .     Gourm    .     (armour unavailable)
rNeg   . . .     Faith    .     b - +0 shield
rPois  .         Spirit   .     (helmet restricted)
rElec  .         Dismiss  .     (no cloak)
rCorr  .         Reflect  .     (no gloves)
SustAt .         Harm     .     (no boots)
MR     .....                    (no amulet)
Stlth  +.........               (no ring)
                                (no ring)

@: mighty, not resistant to hostile enchantments, very unstealthy
A: unfitting armour, cold-blooded, AC +5
a: no special abilities


You were on level 3 of the Dungeon.
You were full.

You visited 1 branch of the dungeon, and saw 3 of its levels.

You collected 34 gold pieces.

Inventory:

Hand Weapons
 a - a +0 war axe (weapon)
 n - a +1 dagger of draining
Missiles
 e - 23 sling bullets
Armour
 b - a +0 shield (worn)
Wands
 m - a wand of flame (22/48)
Scrolls
 h - a scroll of remove curse {unknown}
 i - 2 scrolls of identify {unknown}
 o - a scroll of teleportation {unknown}
 p - a scroll of recharging {unknown}
Potions
 f - a potion of cancellation {unknown}
 k - a potion of mutation {unknown}
 l - a potion of magic {unknown}
 q - a potion of haste {unknown}
Comestibles
 d - 3 bread rations
 g - a meat ration


   Skills:
 * Level 3.8 Fighting
 * Level 2.6 Axes
 * Level 3.9 Dodging
 * Level 3.8 Shields


You had 3 spell levels left.
You didn't know any spells.

Dungeon Overview and Level Annotations

Branches:
Dungeon (3/15)

Altars:
Trog


Innate Abilities, Weirdness & Mutations

Your plain brown scales are hard (AC +5).
Your body does not fit into most forms of armour.
You are cold-blooded and may be slowed by cold attacks.


Message History

The gnoll hits you but does no damage.
Things that are here:
a flail; a gnoll corpse You closely miss the gnoll.
The gnoll is lightly wounded.
You block the gnoll's attack. The gnoll hits you with a spear!
* * * LOW HITPOINT WARNING * * *
The gnoll barely misses you.
You slash the gnoll!
You kill the gnoll!
You block the gnoll's attack. The gnoll barely misses you.
Drink which item? (? for menu, Esc to quit)
You feel very mighty all of a sudden. You block the gnoll's attack.
The gnoll hits you!
* * * LOW HITPOINT WARNING * * *
You slash the gnoll! You tail-slap the gnoll.
You kill the gnoll!
You block the gnoll's attack. The gnoll hits you but does no damage.
The gnoll hits you with a spear!
You die...

#.............#.#
####.......####.#
#.#####....#.#
#.# ####.#.# #.#
# ###.# #.#...#
#.#.#.# #.#@###
#g#g# #g#.# #g#)#
#.#)# #...# ###.#
###


You could see a gnoll.

Vanquished Creatures
  Jessica (D:3)
  3 gnolls (D:3)
  An adder (D:3)
  2 worms (D:2)
  3 dart slugs
  2 orcs (D:3)
  6 bats
  7 hobgoblins
  4 giant newts
  5 goblins
  7 kobolds
  7 rats
48 creatures vanquished.

Notes
Turn   | Place    | Note
--------------------------------------------------------------
     0 | D:1      | magog001 the Draconian Fighter began the quest for the Orb.
     0 | D:1      | Reached XP level 1. HP: 19/19 MP: 1/1
   269 | D:1      | Reached XP level 2. HP: 25/26 MP: 2/2
  1257 | D:2      | Reached XP level 3. HP: 29/31 MP: 3/3
  1278 | D:2      | Found a faded altar to an unknown god.
  1489 | D:2      | Found a bloodstained altar of Trog.
  1888 | D:3      | Noticed Jessica
  1996 | D:3      | Killed Jessica
  1996 | D:3      | Reached XP level 4. HP: 40/40 MP: 4/4
  2405 | D:3      | HP: 2/40 [gnoll (9)]
  2411 | D:3      | Mangled by a gnoll

Skill      XL: |  1  2 |
---------------+-------+-----
Dodging        | 3 |  3.9
Fighting       | |  3.8
Axes           | |  2.6
Shields        | |  3.8

Action                   |  1- 3 |  4- 6 || total
-------------------------+-------+-------++-------
Melee: War axe           |   108 |    45 ||   153
       Tailslap          |     7 |     7 ||    14
  Use: Potion            |       |     1 ||     1
 Stab: Sleeping          |     1 |     1 ||     2
  Eat: Chunk             |     4 |       ||     4
       Meat ration       |       |     1 ||     1
Armor: Skin              |    46 |     7 ||    53
Dodge: Dodged            |    59 |    20 ||    79
Block: Shield            |    78 |    29 ||   107
